 Dungeon Crawl Stone Soup version 0.26.1-11-gd32895ea62 (webtiles) character file.

Game seed: 7084066251031601734

1343 Zeld the Slicer (level 8, 0/50 HPs)
             Began as an Octopode Brigand on May 15, 2021.
             Was a Follower of Fedhas.
             Slain by a two-headed ogre
             ... wielding a +0 giant spiked club
              (24 damage)
             ... on level 5 of the Dungeon.
             The game lasted 00:11:02 (11074 turns).

Zeld the Slicer (Octopode Brigand)                 Turns: 11074, Time: 00:11:02

Health: 0/50       AC:  1    Str: 13    XL:     8   Next: 62%
Magic:  15/15      EV: 13    Int: 13    God:    Fedhas [*.....]
Gold:   131        SH:  0    Dex: 13    Spells: 17/17 levels left

rFire    . . .     SeeInvis .   a - +2 dagger
rCold    . . .     Faith    .   (no shield)
rNeg     . . .     Spirit   .   (helmet restricted)
rPois    .         Reflect  .   (no amulet)
rElec    .         Harm     .   (no ring)
rCorr    .         Rampage  .   (no ring)
Will     .....                  (no ring)
Stlth    ++++......             (no ring)
HPRegen  0.16/turn              (no ring)
MPRegen  0.14/turn              (no ring)
                                (no ring)
                                (no ring)

@: hasted, very quick
A: almost no armour, stealthy swim, amphibious, 8 rings, constrict 8, camouflage
1, gelatinous body 1
a: Renounce Religion


You were on level 5 of the Dungeon.
You worshipped Fedhas.
Fedhas was aware of your devotion.
You visited 2 branches of the dungeon, and saw 8 of its levels.

You collected 243 gold pieces.
You spent 112 gold pieces at shops.

Inventory:

Hand Weapons
 a - a +2 dagger (weapon)
Missiles
 b - 56 poisoned darts (quivered)
 c - a curare-tipped dart
 n - 8 datura-tipped darts
 u - 3 atropa-tipped darts
Jewellery
 e - a +6 ring of intelligence {unknown}
 k - a cursed amulet of inaccuracy {unknown}
 m - a cursed ring of attention {unknown}
Wands
 s - a wand of random effects (10)
 x - a wand of flame (13)
Scrolls
 f - 4 scrolls of identify {unknown}
 g - 6 scrolls of teleportation
 h - a scroll of magic mapping {unknown}
 o - a scroll of noise {unknown}
 p - 2 scrolls of amnesia {unknown}
 q - 2 scrolls of fear {unknown}
 r - a scroll of enchant armour {unknown}
 t - a scroll of immolation {unknown}
 v - 3 scrolls of remove curse {unknown}
Potions
 d - a potion of ambrosia {unknown}
 i - a potion of heal wounds
 j - a potion of lignification {unknown}
 w - a potion of mutation {unknown}
 z - a potion of curing


   Skills:
 - Level 2.0 Fighting
 * Level 8.6 Short Blades
 - Level 2.0 Throwing
 - Level 1.0 Dodging
 - Level 5.3 Stealth
 + Level 5.2 Spellcasting


You had 17 spell levels left.
You didn't know any spells.
Your spell library contained the following spells:

 Spells                   Type           Power        Failure   Level
 Confusing Touch          Hex            3%           50%         3
 Gell's Gravitas          Tloc           1%           50%         3
 Petrify                  Tmut/Erth      3%           88%         4
 Metabolic Englaciation   Hex/Ice        1%           99%         5
 Yara's Violent Unravell  Hex/Tmut       1%           99%         5


Dungeon Overview and Level Annotations

Branches:
Dungeon (7/15)             Temple (1/1) D:4

Altars:
Ashenzari
Cheibriados
Dithmenos
Elyvilon
Fedhas
Gozag
Hepliaklqana
Kikubaaqudgha
Makhleb
Nemelex Xobeh
Okawaru
Qazlal
Ru
Sif Muna
Trog
Uskayaw
Vehumet
Wu Jian
Xom
Yredelemnul
Zin
The Shining One

Shops:
D:2 *   D:5 *}

Annotations:
D:3 Grinder
D:4 exclusion: phantom


Innate Abilities, Weirdness & Mutations

You cannot wear most types of armour.
You are very stealthy in the water. (Stealth+)
You are amphibious.
You can wear up to eight rings at the same time.
You can use your tentacles to constrict eight enemies at once.
Your skin changes colour to match your surroundings (Stealth+).
Your rubbery body absorbs attacks. (AC +1, EV +1)


Message History

You throw an atropa-tipped dart.
The atropa-tipped dart hits the two-headed ogre.
The two-headed ogre resists.
The two-headed ogre is lightly wounded.
Throw: 2 darts (curare)
Press: ? - help, Shift-Dir - straight line, f/p - two-headed ogre
Aim: a two-headed ogre, wielding two +0 giant spiked clubs (lightly wounded, poisoned, 74% to hit)
You throw a curare-tipped dart.
The curare-tipped dart completely misses the two-headed ogre.
The two-headed ogre looks more healthy.
Okay, then.
Okay, then.
Okay, then.
Okay, then.
You feel yourself speed up.
The two-headed ogre hits you with a +0 giant spiked club!!
Ouch! That really hurt!
The two-headed ogre hits you with a +0 giant spiked club!!
You die...
Fedhas appreciates your contribution to the ecosystem.

########### #...(.....######
####.#######.##...#########
#.......# #.##...........#
#.##.##.####..........###.#
##.##.##.#....O...####.# #.# #
####............@##### #.###.###
......##.##.#.#..⌠.⌠#####........
#####.##.##.#.#...∩..#...........
#####............⌠.⌠.#.#....(.##.
<.........###.#..##.......##...#.
########.........#####.#..##..((.
#............#...####.#..##...#>
#.#####..##...###........###.##.
#.# #.......# #.###.)..# #.###


You could see a two-headed ogre.

Vanquished Creatures
  2 sky beasts
  3 ogres
  A bullfrog (D:6)
  2 scorpions (D:4)
  A bullfrog zombie (D:5)
  3 hounds
  2 jellies (D:5)
  3 orc priests
  2 gnoll shamans (D:5)
  A bullfrog skeleton (D:5)
  2 iguanas (D:4)
  2 orc wizards (D:3)
  Terence (D:3)
  2 worker ants (D:4)
  A hound skeleton (D:5)
  A howler monkey zombie (D:5)
  A worker ant zombie (D:5)
  5 adders
  2 white imps (D:5)
  An ufetubus (D:5)
  An ooze (D:2)
  An adder zombie (D:5)
  4 worms
  3 dart slugs
  4 leopard geckos
  17 orcs
  5 giant cockroaches
  3 goblins (D:1)
  3 hobgoblins
  10 jackals
  2 kobolds
  A quokka (D:2)
  A ball python (D:4)
  8 bats
  3 frilled lizards (D:1)
  A jackal skeleton (D:5)
  A quokka skeleton (D:5)
  3 rats
109 creatures vanquished.

Notes
Turn   | Place    | Note
-------+----------+-------------------------------------------
     0 | D:1      | Zeld the Octopode Brigand began the quest for the Orb.
     0 | D:1      | Reached XP level 1. HP: 14/14 MP: 1/1
   295 | D:1      | Reached XP level 2. HP: 18/19 MP: 2/2
   529 | D:1      | Reached skill level 1 in Spellcasting
   567 | D:1      | Reached skill level 3 in Short Blades
   569 | D:1      | Reached XP level 3. HP: 11/24 MP: 4/4
  1360 | D:2      | Found Gozag's Platinum Reserve.
  1366 | D:2      | Found an opulent altar of Gozag.
  1808 | D:2      | Reached XP level 4. HP: 29/29 MP: 6/6
  1959 | D:3      | Noticed an orc warrior
  2241 | D:3      | Reached skill level 4 in Short Blades
  2313 | D:3      | Found a faded altar of an unknown god.
  2687 | D:3      | HP: 1/29 [orc warrior/stone (10)]
  2709 | D:3      | Reached XP level 5. HP: 3/34 MP: 8/8
  3190 | D:3      | Noticed Grinder
  3309 | D:3      | Noticed Terence
  3318 | D:3      | Killed Terence
  3600 | D:3      | Found a shimmering altar of Xom.
  3794 | D:4      | Reached skill level 5 in Short Blades
  3794 | D:4      | Reached XP level 6. HP: 11/39 MP: 8/10
  4324 | D:4      | Noticed a moth of wrath
  4327 | D:4      | Found a bloodstained altar of Trog.
  4952 | D:4      | Reached skill level 6 in Short Blades
  4952 | D:4      | Reached XP level 7. HP: 36/45 MP: 10/12
  5371 | D:4      | Found a staircase to the Ecumenical Temple.
  5531 | Temple   | Entered the Ecumenical Temple
  5610 | Temple   | Became a worshipper of Fedhas Madash
  7179 | D:5      | Entered Level 5 of the Dungeon
  7222 | D:5      | Reached skill level 7 in Short Blades
  7275 | D:5      | Found Cyuphix's Gadget Shop.
  8026 | D:5      | Reached XP level 8. HP: 15/50 MP: 14/14
  8315 | D:5      | Bought a wand of flame (13) for 112 gold pieces
  8354 | D:5      | Noticed a two-headed ogre
  9011 | D:5      | Reached skill level 8 in Short Blades
  9545 | D:5      | Reached * piety under Fedhas
 10669 | D:5      | Found Kudapril's Assorted Antiques.
 10743 | D:5      | You fall into a shaft and drop 2 floors!
 10811 | D:7      | Reached skill level 5 in Spellcasting
 11074 | D:5      | Slain by a two-headed ogre

Illustrated notes

Levels and vault maps discovered:
D:1:      kilobyte_arrival_exit_the_forest, layout_rooms,
          minmay_misc_feat_four_crosses, minmay_pentomino_p2
D:2:      layout_basic, nicolae_gozag_zags_fifth_avenue
D:3:      layout_basic, lemuel_coloured_pillars_altar,
          chequers_ecumenical_altar_simple_redux, uniq_terence, uniq_grinder
D:4:      layout_loops_corners, minmay_temple_entry_mist,
          hangedman_abyss_or_decor_stabs, tgw_trog
D:5:      cheibrodos_barr_body, layout_loops_ring, serial_shops, shop_fountains,
          nicolae_shop_statue_plus, corexii_hall_statues_i
D:6:      layout_cave_pools
D:7:      layout_loops_ring, minmay_the_grid_2x2 [minmay_the_grid_dragon_a,
          minmay_the_grid_all_tris, minmay_the_grid_outer_circle,
          minmay_the_grid_prize_trominoes]
Temple:   regret_index_temple_sigil_plot

Skill      XL: |  1  2  3  4  5  6  7  8 |
---------------+-------------------------+-----
Spellcasting   | 1 2 3 4 5 |  5.2
Short Blades   | 3 4 5 6 7 8 |  8.6
Fighting       | |  2.0
Throwing       | |  2.0
Dodging        | |  1.0
Stealth        | |  5.3

Action                   |  1- 3 |  4- 6 |  7- 9 || total
-------------------------+-------+-------+-------++-------
Melee: Dagger            |    57 |   104 |   168 ||   329
       Constrict         |    10 |    24 |    32 ||    66
       Tentacles         |     8 |    29 |    43 ||    80
Throw: Dart              |       |    17 |    22 ||    39
  Use: Potion            |       |     3 |     4 ||     7
       Scroll            |       |     1 |       ||     1
 Stab: Sleeping          |    15 |     1 |    10 ||    26
       Distracted        |       |       |     1 ||     1
Armor: Skin              |     4 |     2 |     3 ||     9
Dodge: Dodged            |    29 |    56 |    69 ||   154
